 Dungeon Crawl Stone Soup version 0.29.1-15-g9cfb28693d (webtiles) character file.

Game seed: 5149003462741596426

49415 zeram the Blocker (level 14, -2/129 HPs)
             Began as a Hill Orc Fighter on Mar 25, 2023.
             Was an Initiate of Gozag.
             Blown up by an orb spider (39 damage)
             ... with an orb of destruction
             ... on level 2 of the Lair of Beasts.
             The game lasted 00:39:17 (19140 turns).

zeram the Blocker (Hill Orc Fighter)               Turns: 19140, Time: 00:39:17

Health: -2/129     AC: 28    Str: 24    XL:     14   Next: 50%
Magic:  14/14      EV: 18    Int:  8    God:    Gozag
Gold:   2933       SH: 13    Dex: 12    Spells: 13/13 levels left

rFire   + . .      SeeInvis +   s - +10 whip of the Dark Horse {flame, rElec rF+ SInv}
rCold   . . .      Faith    .   c - +1 buckler
rNeg    . . .      Spirit   .   w - +10 ring mail of the Snake Pit {Dex+2 SInv}
rPois   .          Reflect  +   F - +0 helmet
rElec   +          Harm     .   E - +1 cloak
rCorr   .          Rampage  .   G - +1 pair of gloves
Will    +....                   (no boots)
Stlth   +.........              u - amulet of reflection
HPRegen 0.31/turn               r - +4 ring of evasion
MPRegen 0.14/turn               z - +4 ring of protection

@: no status effects
A: no striking features
a: Renounce Religion, Potion Petition, Call Merchant, Bribe Branch


You were on level 2 of the Lair of Beasts.
You worshipped Gozag.
Gozag was most pleased with you.
You visited 3 branches of the dungeon, and saw 15 of its levels.

You collected 3393 gold pieces.
You spent 306 gold pieces at shops.
You paid 154 gold pieces to Gozag.

Inventory:

Hand Weapons
 a - a +1 war axe of draining
 g - the +7 falchion "Voqoutra" {vorpal, Drain rCorr Str+5}
   (You found it on level 3 of the Dungeon)

   It inflicts extra damage upon your enemies.
   Str:       It affects your strength (+5).
   rCorr:     It protects you from acid and corrosion.
   Drain:     It drains your maximum health when unequipped.
 s - the +10 whip of the Dark Horse (weapon) {flame, rElec rF+ SInv}
   (You found it on level 4 of the Dungeon)

   It burns those it strikes, dealing additional fire damage.
   rF:        It protects you from fire.
   rElec:     It insulates you from electricity.
   SInv:      It lets you see invisible.
Armour
 c - a +1 buckler (worn)
 w - the +10 ring mail of the Snake Pit (worn) {Dex+2 SInv}
   (You found it on level 8 of the Dungeon)

   Dex:       It affects your dexterity (+2).
   SInv:      It lets you see invisible.
 E - a +1 cloak (worn)
 F - a +0 helmet (worn)
 G - a +1 pair of gloves (worn)
Jewellery
 r - a +4 ring of evasion (left hand)
 u - an amulet of reflection (around neck)
 z - a +4 ring of protection (right hand)
 C - a +4 ring of protection
 K - a ring of flight
Wands
 v - a wand of digging (43)
 x - a wand of charming (11)
 A - a wand of flame (11)
 H - a wand of polymorph (11)
 I - a wand of light (4)
 M - a wand of mindburst (3)
 N - a wand of roots (6)
Scrolls
 b - a scroll of silence
 e - 4 scrolls of teleportation
 i - a scroll of identify
 j - a scroll of amnesia
 p - a scroll of blinking
 q - 3 scrolls of magic mapping
 t - 6 scrolls of fog
 y - 2 scrolls of brand weapon
 L - a scroll of enchant weapon
Potions
 d - a potion of might
 f - a potion of berserk rage
 h - 6 potions of haste
 k - 5 potions of lignification
 l - 2 potions of magic
 m - 4 potions of cancellation
 n - 6 potions of curing
 o - 3 potions of invisibility
 B - a potion of resistance
 D - 4 potions of flight
 J - a potion of brilliance
 O - 2 potions of mutation
 P - a potion of attraction


   Skills:
 + Level 13.2 Fighting
 + Level 6.3 Long Blades
 + Level 5.6(11.4) Axes
 + Level 13.0(13.4) Maces & Flails
 + Level 11.3 Armour
 + Level 7.9 Dodging
 + Level 14.1 Shields
 + Level 0.9 Evocations


You had 13 spell levels left.
You didn't know any spells.
Your spell library contained the following spells:

 Spells                   Type           Power      Damage    Failure   Level
 Beastly Appendage        Tmut           0%         N/A       56%         1
 Magic Dart               Conj           0%         1d3       56%         1
 Sandblast                Erth           0%         2d4       56%         1
 Slow                     Hex            0%         N/A       56%         1
 Sting                    Tmut/Pois      0%         1d3       56%         1
 Call Imp                 Summ           0%         N/A       71%         2
 Passwall                 Tmut/Erth      0%         N/A       71%         2
 Poisonous Vapours        Pois/Air       0%         N/A       71%         2
 Searing Ray              Conj           0%         2d4       71%         2
 Static Discharge         Conj/Air       0%         3-3/arc   71%         2
 Sublimation of Blood     Necr           0%         N/A       71%         2
 Wereblood                Tmut           0%         N/A       71%         2
 Confusing Touch          Hex            0%         N/A       91%         3
 Inner Flame              Hex/Fire       0%         N/A       91%         3
 Mephitic Cloud           Conj/Pois/Air  0%         N/A       91%         3
 Portal Projectile        Hex/Tloc       0%         N/A       91%         3
 Spider Form              Tmut/Pois      0%         N/A       91%         3
 Stone Arrow              Conj/Erth      0%         3d7       91%         3
 Tukima's Dance           Hex            0%         N/A       91%         3
 Vampiric Draining        Necr           0%         2d6       91%         3
 Cause Fear               Hex            0%         N/A       100%        4
 Dispel Undead            Necr           0%         3d6       100%        4
 Fulminant Prism          Conj/Hex       0%         3d6       100%        4
 Olgreb's Toxic Radiance  Pois           0%         N/A       100%        4
 Petrify                  Tmut/Erth      0%         N/A       100%        4
 Sticky Flame             Conj/Fire      0%         2d3       100%        4
 Blade Hands              Tmut           0%         N/A       100%        5
 Irradiate                Conj/Tmut      0%         3d11      100%        5
 Ozocubu's Refrigeration  Ice            0%         4d7       100%        7
 Discord                  Hex            0%         N/A       100%        8
 Ignition                 Fire           0%         3d3       100%        8
 Maxwell's Capacitive Co  Air            0%         ∞         100%        8
 Corpse Rot               Necr/Pois/Air  Unusable   N/A       N/A         4

Dungeon Overview and Level Annotations

Branches:
Dungeon (9/15)             Temple (1/1) D:6            Lair (5/5) D:8
 Spider (0/4) Lair:2        Slime (0/5) Lair:4
  Swamp: Lair:2-3    Shoals: Lair:2-3       Orc: D:9-12

Altars:
Ashenzari
Cheibriados
Dithmenos
Elyvilon
Fedhas
Gozag
Hepliaklqana
Kikubaaqudgha
Makhleb
Nemelex Xobeh
Okawaru
Qazlal
Ru
Sif Muna
Trog
Uskayaw
Vehumet
Wu Jian
Xom
Yredelemnul
Zin
The Shining One
Jiyva

Shops:
D:9 ?

Annotations:
D:4 2 runed translucent doors
D:6 2 transporters, Kazon's ghost, novice OpTm
D:9 1 transporter
Lair:4 1 runed translucent door, exclusion: oklob plant


Message History

No target in view!
You now have 2933 gold pieces (gained 6).
An orb spider comes into view.
Found a hole to the Spider Nest.
An orb spider is nearby!
An orb spider is nearby!
An orb spider is nearby!
An orb spider is nearby!
An orb spider is nearby!
No reachable target in view!
No reachable target in view!
No reachable target in view!
No reachable target in view!
No reachable target in view!
No reachable target in view!
No reachable target in view!
No reachable target in view!
The orb spider begins to weave its threads into a brightly glowing ball.
No reachable target in view!
No reachable target in view!
No reachable target in view!
No reachable target in view!
No reachable target in view!
You are caught in the web!
There is a web here.
You disentangle yourself.
The orb spider weaves a glowing orb of energy.
An orb of destruction comes into view.
The orb of destruction hits you!!!
The orb spider begins to weave its threads into a brightly glowing ball.
Why would you want to do that?
The orb spider weaves a glowing orb of energy.
An orb of destruction comes into view.
The wavering orb of destruction hits you!!!
* * * LOW HITPOINT WARNING * * *
The orb spider spins a strand of pure energy.
The orb spider weaves a glowing orb of energy.
An orb of destruction comes into view.
The orb of destruction hits you!!!
You die...

.....#.+.......#..##.#
.....
..............#..^..^#..^.#
....#.##.......^#...##..#
....####.......###...^..#
....# #......###....##.##
....## #......# #.≈#^.≈..#
.+.#.# ###+#..(##.°≈≈≈≈..#
#.#.## ..###..○s..≈.##
#..## ...##@☼+.>.+..# #.P.#
##P+.#####.^#### ....#
#.....####### .####
#....<..... ..#
#####....[....## ..##
##...'.........P#
..P###..###..........#
...##..## #.........##
.....)## ##..........#


You could see an orb spider.

Vanquished Creatures
  Kirke (Lair:5)
  6 hydras
  2 boulder beetles
  A catoblepas (Lair:1)
  A centaur warrior (D:9)
  A merfolk avatar (Lair:5)
  3 two-headed ogres
  11 death yaks
  A sea snake (Lair:5)
  3 harpies (Lair:5)
  Pikel (D:6)
  2 ugly things (D:9)
  2 cyclopes
  A manticore (Lair:5)
  3 black mambas
  Joseph (D:8)
  7 cane toads
  2 kobold demonologists
  13 komodo dragons
  3 rime drakes (Lair:5)
  2 polar bears
  3 trolls (D:9)
  4 hornets
  3 slime creatures (D:9)
  10 dream sheep
  8 blink frogs (Lair:5)
  2 wraiths (D:9)
  40 yaks
  4 basilisks
  8 wyverns
  3 hogs (Lair:5)
  2 steam dragons (Lair:5)
  Menkaure (D:7)
  18 water moccasins
  Duvessa (D:7)
  2 black bears (D:8)
  3 sky beasts
  3 orc warriors
  2 ogres
  8 wolves
  2 centaurs
  3 phantoms
  3 kobold brigands
  5 bullfrogs
  3 necrophages
  3 scorpions
  5 wights
  Dowan (D:7)
  15 killer bees
  A vampire bat (Lair:1)
  5 howler monkeys
  2 electric eels (Lair:5)
  2 jellies
  3 lava snakes (Lair:5)
  3 hounds
  2 gnoll boudas
  3 orc priests
  7 iguanas
  Jessica (D:2)
  7 orc wizards
  7 gnolls
  10 adders
  2 shadow imps
  A white imp (D:8)
  An ufetubus (D:4)
  5 worms
  3 dart slugs
  18 orcs
  3 ball pythons
  7 endoplasms
  3 giant cockroaches
  14 hobgoblins
  11 jackals
  23 kobolds
  7 quokkas
  13 bats
  2 frilled lizards (D:1)
  7 goblins
  11 rats
416 creatures vanquished.

Vanquished Creatures (others)
  An orc wizard (D:7)
  A bush (Lair:5)
  A demonic plant (D:1)
  16 fungi
  51 plants
  A withered plant (D:1)
71 creatures vanquished.

Grand Total: 487 creatures vanquished

Notes
Turn   | Place    | Note
-------+----------+-------------------------------------------
     0 | D:1      | zeram the Hill Orc Fighter began the quest for the Orb.
     0 | D:1      | Reached XP level 1. HP: 19/19 MP: 1/1
    37 | D:1      | Reached XP level 2. HP: 16/27 MP: 2/2
   337 | D:1      | Reached XP level 3. HP: 26/33 MP: 3/3
   754 | D:1      | Found a faded altar of an unknown god.
  1419 | D:2      | Reached XP level 4. HP: 40/40 MP: 4/4
  1555 | D:2      | Noticed Jessica
  1560 | D:2      | Killed Jessica
  1993 | D:3      | Identified the +7 falchion "Voqoutra" {vorpal, Drain rCorr
                  | Str+5}
  2071 | D:3      | Noticed an ogre
  2077 | D:3      | Killed an ogre
  2078 | D:3      | Reached skill level 5 in Axes
  2078 | D:3      | Reached XP level 5. HP: 42/47 MP: 5/5
  2657 | D:4      | Reached XP level 6. HP: 48/53 MP: 6/6
  2660 | D:4      | Identified the +10 whip of the Dark Horse {flame, rElec rF+
                  | SInv}
  2859 | D:4      | Reached skill level 1 in Long Blades
  2927 | D:4      | Reached skill level 1 in Dodging
  3169 | D:4      | Found a large runed translucent door.
  3169 | D:4      | Found a large runed translucent door.
  3173 | D:4      | Noticed a water moccasin
  3182 | D:4      | Found a large runed translucent door.
  3182 | D:4      | Found a large runed translucent door.
  3222 | D:4      | Reached skill level 1 in Maces & Flails
  3374 | D:4      | Reached skill level 5 in Armour
  3401 | D:4      | Noticed a water moccasin
  3405 | D:4      | Killed a water moccasin
  3406 | D:4      | Reached skill level 4 in Shields
  3406 | D:4      | Reached XP level 7. HP: 51/60 MP: 7/7
  4015 | D:4      | Reached skill level 5 in Maces & Flails
  4015 | D:4      | Reached skill level 6 in Shields
  4015 | D:4      | Reached XP level 8. HP: 74/74 MP: 8/8
  4028 | D:5      | Entered Level 5 of the Dungeon
  4054 | D:5      | Got Nawe's Writings on the Breezy Rocks
  4099 | D:5      | Found a burning altar of Makhleb.
  4230 | D:5      | HP: 3/72 [necrophage (1)]
  4510 | D:5      | Reached skill level 7 in Shields
  4937 | D:5      | Reached XP level 9. HP: 78/81 MP: 9/9
  5368 | D:5      | Found a sacrificial altar of Ru.
  5823 | D:6      | Found a radiant altar of Vehumet.
  5925 | D:6      | Found a staircase to the Ecumenical Temple.
  6117 | D:6      | Noticed Kazon's ghost (novice OpTm)
  6118 | D:6      | Found a transporter.
  6118 | D:6      | Noticed a troll
  6118 | D:6      | Noticed a troll
  6124 | D:6      | Found a transporter.
  6361 | D:6      | Noticed Pikel
  6369 | D:6      | Killed Pikel
  6882 | D:7      | Reached XP level 10. HP: 68/90 MP: 10/10
  6998 | D:7      | Found a snail-covered altar of Cheibriados.
  7109 | D:7      | Noticed a kobold demonologist
  7117 | D:7      | Killed a kobold demonologist
  7219 | D:7      | Found a shadowy altar of Dithmenos.
  7238 | D:7      | Noticed Duvessa
  7238 | D:7      | Noticed Dowan
  7242 | D:7      | Killed Dowan
  7255 | D:7      | Killed Duvessa
  7440 | D:7      | Noticed a cyclops
  7456 | D:7      | Killed a cyclops
  7463 | D:7      | Reached skill level 8 in Shields
  7544 | D:7      | Noticed Menkaure
  7946 | D:7      | Killed Menkaure
  8547 | Temple   | Entered the Ecumenical Temple
  8736 | Temple   | Became a worshipper of Gozag Ym Sagoz the Greedy
  8812 | D:8      | Noticed a two-headed ogre
  8825 | D:8      | Killed a two-headed ogre
  9037 | D:8      | Identified the +5 war axe "Pinnouh" {freeze, Int+4}
  9185 | D:8      | Noticed Joseph
  9194 | D:8      | Killed Joseph
  9452 | D:8      | Reached XP level 11. HP: 91/97 MP: 11/11
  9559 | D:8      | Found a staircase to the Lair.
 10012 | D:8      | Identified the +10 ring mail of the Snake Pit {Dex+2 SInv}
 10359 | D:9      | Found a bloodstained altar of Trog.
 10406 | D:9      | Found an ancient bone altar of Kikubaaqudgha.
 10451 | D:9      | Reached skill level 9 in Shields
 10469 | D:9      | Reached skill level 10 in Armour
 10697 | D:9      | Reached skill level 5 in Dodging
 10824 | D:9      | Noticed a two-headed ogre
 10830 | D:9      | Killed a two-headed ogre
 10983 | D:9      | Reached skill level 10 in Maces & Flails
 11023 | D:9      | Noticed a four-headed hydra
 11061 | D:9      | Reached skill level 10 in Fighting
 11124 | D:9      | Noticed a two-headed ogre
 11134 | D:9      | Killed a two-headed ogre
 11277 | D:9      | Noticed a purple ugly thing
 11278 | D:9      | Noticed a red ugly thing
 11278 | D:9      | Noticed a cyclops
 11278 | D:9      | Noticed a centaur warrior
 11302 | D:9      | Killed a purple ugly thing
 11309 | D:9      | Reached skill level 10 in Shields
 11323 | D:9      | Killed a centaur warrior
 11324 | D:9      | Reached XP level 12. HP: 53/106 MP: 12/12
 11825 | D:9      | Found Neriowoaph's Magic Scroll Emporium.
 11833 | D:9      | Bought 3 scrolls of teleportation for 153 gold pieces
 11833 | D:9      | Bought a scroll of teleportation for 51 gold pieces
 11833 | D:9      | Bought a scroll of teleportation for 51 gold pieces
 11833 | D:9      | Bought a scroll of teleportation for 51 gold pieces
 11883 | D:9      | Killed a four-headed hydra
 12039 | D:9      | Identified the +1 ring mail "Vokazene" {+Inv rF+ rC-
                  | Will++}
 12045 | D:9      | Identified the +4 battleaxe of Bodily Harmony {protect,
                  | Str+8}
 12045 | D:9      | Identified the ring of Lawat {Wiz Int+2}
 12087 | D:9      | Found a transporter.
 12365 | Lair:1   | Entered Level 1 of the Lair of Beasts
 13545 | Lair:1   | Noticed a catoblepas
 13560 | Lair:1   | Killed a catoblepas
 13561 | Lair:1   | Reached skill level 11 in Shields
 13680 | Lair:2   | You fall into a shaft and drop 1 floor!
 14030 | Lair:3   | Noticed a death yak
 14030 | Lair:3   | Noticed a death yak
 14030 | Lair:3   | Noticed a death yak
 14031 | Lair:3   | Noticed a death yak
 14032 | Lair:3   | Noticed a six-headed hydra
 14032 | Lair:3   | Noticed a death yak
 14077 | Lair:3   | Killed a six-headed hydra
 14088 | Lair:3   | Killed a death yak
 14089 | Lair:3   | Reached XP level 13. HP: 60/116 MP: 13/13
 15194 | Lair:4   | Reached skill level 12 in Shields
 15909 | Lair:4   | Found a runed translucent door.
 15909 | Lair:4   | Found a viscous altar of Jiyva.
 15909 | Lair:4   | Found a staircase to the Slime Pits.
 15909 | Lair:4   | Noticed an azure jelly
 15911 | Lair:4   | Noticed an azure jelly
 16351 | Lair:5   | Entered Level 5 of the Lair of Beasts
 16548 | Lair:5   | Found the +7 captain's cutlass {speed, disarm}
 16633 | Lair:5   | Reached skill level 13 in Shields
 17061 | Lair:5   | Reached XP level 14. HP: 127/127 MP: 14/14
 17175 | Lair:5   | Found the +5 sword of Power {vorpal}
 18053 | Lair:5   | Noticed Kirke
 18083 | Lair:5   | Killed Kirke
 18649 | Lair:2   | Reached skill level 14 in Shields
 19123 | Lair:2   | Found a hole to the Spider Nest.
 19140 | Lair:2   | Blown up by an orb spider

Illustrated notes

Levels and vault maps discovered:
D:1:      sevenhm_arrival_forest_fort_small_6, layout_rooms,
          shapermc_ecumenical_altar_gd, minmay_misc_feat_doors,
          serial_bayou_pond_e
D:2:      layout_rooms, serial_co_window_serial, co_window_of_opportunity_a,
          co_window_of_opportunity_a, co_window_paths_a, co_window_corner_a,
          co_window_corner_a, co_window_of_opportunity_a, co_window_2corner,
          co_window_corner_b, co_window_corner_cb, co_window_unsneaky_path_e,
          co_window_paths_c, co_window_corner_b, co_window_4corner_b,
          co_window_paths_d, kennysheep_jessica_study
D:3:      layout_basic, nrook_campfire
D:4:      layout_basic, minmay_hollow_rounded_squares
D:5:      layout_gridville, nicolae_ru_path_of_blood,
          mainiacjoe_overflow_surrounded_room, minmay_joined_circles
D:6:      layout_basic, mainiacjoe_overflow_boulevard,
          minmay_temple_entry_water_ring, gammafunk_ghost_arena, uniq_pikel
D:7:      layout_loops_ring, cheibrodos_worm_habitat,
          lemuel_coloured_pillars_altar, uniq_duvessa, uniq_menkaure
D:8:      layout_gridville, minmay_lair_entry_grove, uniq_joseph
D:9:      minmay_the_grid_triangle_9x9_rhombus_thin_mashed
          [minmay_the_grid_triangle_9x9_windchime,
          minmay_the_grid_triangle_9x9_prize_top_heavy,
          minmay_the_grid_triangle_9x9_warning,
          minmay_the_grid_triangle_9x9_alien], layout_cave_pools,
          jmf_multi_god_temple, serial_shops, shop, nicolae_diode_stairs
Temple:   bh_familiar_temple
Lair:1:   layout_hall_layers, bh_autumn_forest_stairs,
          chequers_serial_rivers_room_b, roderic_batcave
Lair:2:   layout_roguey, minmay_shoals_entry_hut,
          nicolae_spider_entry_orb_guardian
Lair:3:   layout_chaotic_city
Lair:4:   layout_hall_layers, slime_entry_2, minmay_lair_oklob_items
Lair:5:   gammafunk_lair_ancient_temple, layout_loops_ring, st_stairs_10,
          nicolae_quartered_pool_little, small_statue_intersection,
          nicolae_lair_liquid_snakes, uniq_kirke

Skill      XL: |  1  2  3  4  5  6  7  8  9 10 11 12 13 14 |
---------------+-------------------------------------------+-----
Fighting       | 4 7 8 9 10 11 12 13 | 13.2
Axes           | 3 5 |  5.6
Armour         | 4 5 7 8 9 10 11 | 11.3
Long Blades    | 2 6 |  6.3
Dodging        | 1 4 5 6 7 |  7.9
Maces & Flails | 1 5 6 7 8 10 12 13 | 13.0
Shields        | 4 6 7 8 10 11 13 14 | 14.1
Evocations     | |  0.9

Action                   |  1- 3 |  4- 6 |  7- 9 | 10-12 | 13-15 || total
-------------------------+-------+-------+-------+-------+-------++-------
Melee: War axe           |    96 |    24 |       |       |       ||   120
       Falchion          |       |    36 |       |       |       ||    36
       Whip              |       |    34 |   193 |   684 |   717 ||  1628
Evoke: Wand              |       |       |       |     3 |     3 ||     6
  Use: Scroll            |     2 |     5 |    10 |    15 |     8 ||    40
       Potion            |       |       |     5 |     4 |       ||     9
 Stab: Distracted        |       |       |       |     1 |       ||     1
Armor: Scale mail        |    59 |    28 |    52 |     5 |       ||   144
       Plate armour      |       |       |       |    65 |       ||    65
       Ring mail         |       |       |       |   162 |   171 ||   333
Dodge: Dodged            |    74 |    30 |    73 |   343 |   279 ||   799
Block: Buckler           |    21 |    15 |    98 |   349 |   323 ||   806
       Reflection        |       |       |       |    10 |       ||    10
